Map: Abiogenesis LE

Players

fruitcake

  • Race: Terran Terran
  • Spawn Location: 11:00

Zentake - Winner!

  • Race: Terran Terran
  • League: Platinum
  • Spawn Location: 5:00

VOD

Have the link to the VOD?

Description

Time

  • Played on: May 9, 2018, 5:29 p.m.
  • Length: 6:30
Show
View Real Time Build Order
Export as new Build Order

fruitcake Terran 

Build Orders:  

Get SALT Encoding   

  12  0:00  SCV  
  13  0:16  Supply Depot  
  13  0:18  SCV  
  14  0:28  Refinery  
  14  0:30  SCV  
  15  0:43  SCV  
  16  0:50  Barracks  
  16  0:55  SCV  
  17  1:08  SCV  
  18  1:19  Supply Depot  
  18  1:20  SCV  
  19  1:32  Barracks  
  19  1:33  SCV  
  20  1:45  SCV  
  21  1:51  Barracks Tech Lab  
  21  1:54  Refinery  
  21  2:12  Marauder  
  23  2:21  Barracks Reactor  
  23  2:24  Supply Depot  
  23  2:34  Marauder  
  25  2:55  Marine  
  26  2:59  Marine  
  26  3:01  Marine, Command Center  
  28  3:09  Stimpack  
  28  3:13  Marauder  
  28  3:18  SCV  
  31  3:34  Marine  
  31  3:38  Factory  
  32  3:47  Factory  
  32  3:50  Marine  
  32  3:52  Marauder  
  36  3:59  Orbital Command  
  35  4:12  Engineering Bay  
  35  4:14  Marauder  
  37  4:21  SCV  
  38  4:32  Factory Tech Lab  
  38  4:33  SCV  
  38  4:37  Factory Reactor  
  39  4:44  Starport  
  39  4:45  SCV  
  40  4:47  Missile Turret  
  40  4:50  SCV  
  41  4:57  SCV  
  42  5:01  Missile Turret  
  42  5:03  Marine  
  42  5:04  Marauder  
  42  5:06  Marine  
  43  5:26  Marine  
  43  5:27  Marine, Marauder  
  31  5:44  Marine x2  
  31  5:48  Marauder  
  38  6:02  Marine x2  
Show
View Real Time Build Order
Export as new Build Order

Zentake Terran - Winner!

Build Orders: Reaper Expand 

Get SALT Encoding   

  12  0:00  SCV  
  13  0:13  SCV  
  14  0:17  Supply Depot  
  14  0:25  SCV  
  15  0:38  SCV  
  15  0:40  Barracks  
  16  0:46  Refinery  
  16  0:50  SCV  
  17  1:03  SCV  
  18  1:15  SCV  
  19  1:29  Reaper  
  19  1:30  Orbital Command  
  20  1:41  Command Center  
  20  1:49  Refinery  
  20  1:54  Supply Depot  
  20  1:58  SCV  
  21  2:10  SCV  
  21  2:15  Factory  
  22  2:21  Barracks Reactor  
  22  2:23  SCV  
  23  2:35  SCV  
  24  2:47  SCV  
  25  2:56  Factory  
  26  3:00  Orbital Command  
  25  3:07  Refinery  
  25  3:11  SCV  
  26  3:13  Refinery  
  26  3:22  Cyclone x2  
  26  3:24  SCV  
  33  3:32  SCV  
  34  3:36  SCV  
  34  3:39  Barracks Reactor  
  35  3:43  Cyclone  
  35  3:44  SCV  
  39  3:49  SCV  
  39  3:52  Armory  
  40  3:56  SCV  
  40  4:01  SCV  
  40  4:02  Cyclone  
  45  4:08  SCV  
  46  4:16  Supply Depot  
  46  4:26  Supply Depot  
  46  4:37  SCV x2, Cyclone x2  
  54  4:40  Supply Depot  
  54  4:47  Cyclone  
  57  4:53  Supply Depot  
  57  4:56  SCV  
  58  5:01  SCV  
  59  5:09  Cyclone  
  59  5:12  SCV  
  62  5:26  Cyclone x3  
  65  5:33  SCV x2  
  67  5:38  Supply Depot  
  67  5:53  Command Center  
  67  6:00  Factory  
  67  6:12  SCV  
  77  6:19  Supply Depot  
Tags
 
Add a new tag
Caveats
  • Supply blocks, unpowered buildings, or Contaminate may cause inaccurate times.
  • Supply counts are checked every 10 seconds.